Map: 이페머론 - 래더

Players

TSGSolar (Solar) - Winner!

  • Race: Zerg Zerg
  • League: Diamond
  • Spawn Location: 5:00

llllllllllll (Stats)

  • Race: Protoss Protoss
  • League: Master
  • Spawn Location: 11:00

Event: HomeStory Cup XX

VOD

Have the link to the VOD?

Description

Time

  • Played on: Nov. 23, 2019, 4:41 a.m.
  • Length: 11:17

All games in this series

Show
View Real Time Build Order
Export as new Build Order

TSGSolar Zerg - Winner!

Build Orders: Hatch First, Swarm Host 

Get SALT Encoding   

  12  0:01  Drone  
  13  0:12  Overlord  
  13  0:17  Drone  
  14  0:30  Drone x2  
  16  0:48  Hatchery  
  15  0:51  Drone  
  15  0:54  Drone  
  17  0:58  Drone  
  18  1:09  Extractor  
  17  1:13  Spawning Pool  
  17  1:16  Drone  
  17  1:20  Drone  
  18  1:28  Drone  
  19  1:38  Drone  
  20  1:50  Hatchery  
  20  1:52  Drone  
  20  2:01  Queen  
  22  2:06  Drone  
  22  2:07  Zergling x2  
  24  2:12  Drone  
  25  2:16  Overlord  
  25  2:26  Queen  
  27  2:32  Metabolic Boost  
  27  2:34  Drone  
  27  2:36  Drone  
  29  2:39  Drone  
  29  2:41  Drone  
  31  2:49  Queen  
  33  2:53  Drone x2  
  33  2:55  Drone  
  36  3:03  Zergling x2  
  36  3:05  Queen  
  39  3:08  Overlord  
  39  3:13  Drone x2  
  39  3:14  Drone  
  42  3:24  Overlord  
  41  3:27  Drone  
  41  3:28  Drone x3  
  41  3:33  Overlord  
  45  3:36  Drone x2  
  45  3:37  Drone x2  
  49  3:43  Queen  
  49  3:45  Spore Crawler  
  49  3:46  Overlord  
  50  3:49  Drone  
  51  3:57  Spore Crawler  
  51  4:00  Zergling x2  
  51  4:01  Zergling x8  
  55  4:04  Drone x3  
  55  4:06  Drone  
  55  4:08  Drone x2  
  59  4:11  Drone  
  59  4:15  Drone x4  
  64  4:17  Drone  
  64  4:23  Lair  
  65  4:25  Overlord  
  65  4:26  Drone  
  65  4:28  Drone  
  65  4:29  Drone  
  65  4:31  Spore Crawler  
  67  4:32  Extractor  
  67  4:34  Extractor  
  64  4:40  Drone x3  
  64  4:41  Roach Warren  
  64  4:43  Drone  
  64  4:44  Drone x3  
  69  4:46  Drone  
  69  4:51  Overlord  
  70  4:53  Drone x3  
  70  4:55  Drone  
  70  4:59  Extractor, Drone  
  74  5:00  Extractor  
  72  5:07  Zergling x4  
  72  5:12  Drone  
  72  5:13  Drone  
  74  5:17  Drone x2  
  74  5:18  Overlord  
  74  5:19  Zergling x6  
  79  5:21  Overseer  
  79  5:22  Glial Reconstitution, Roach x2  
  79  5:25  Overlord  
  87  5:28  Roach x3  
  87  5:30  Drone  
  87  5:32  Evolution Chamber  
  87  5:33  Overlord  
  89  5:37  Drone  
  89  5:38  Extractor, Infestation Pit  
  89  5:39  Overlord  
  88  5:44  Overseer  
  88  5:46  Drone x3  
  88  5:47  Drone x2  
  92  5:54  Drone x3, Overlord  
  92  5:55  Drone  
  96  5:57  Zerg Missile Weapons Level 1  
  96  6:07  Overlord  
  93  6:23  Swarm Host x6  
  93  6:24  Swarm Host  
  93  6:25  Hatchery, Overlord  
  113  6:26  Swarm Host  
  113  6:29  Overlord  
  116  6:34  Nydus Network  
  116  6:35  Overlord  
  116  6:39  Swarm Host  
  118  6:45  Swarm Host  
  121  6:48  Overlord  
  121  6:50  Swarm Host  
  124  6:55  Roach x4  
  124  6:57  Zergling x10  
  136  7:05  Swarm Host  
  136  7:08  Roach x2  
  142  7:11  Overlord  
  141  7:16  Nydus Canal, Ravager x2  
  141  7:18  Zergling x8, Roach x2  
  141  7:20  Overlord  
  151  7:25  Swarm Host  
  149  7:30  Roach x4  
  149  7:35  Roach  
  159  7:40  Roach x3  
  164  7:47  Nydus Canal  
  164  7:48  Zergling x2, Roach x5  
  171  7:52  Zergling x6  
  171  7:56  Roach  
  171  7:57  Roach x4  
  173  8:00  Roach  
  173  8:07  Roach x3  
  179  8:15  Roach x5  
  179  8:19  Roach  
  190  8:22  Roach x2  
  190  8:24  Roach  
  181  8:29  Overlord  
  181  8:30  Ravager x2  
  181  8:33  Nydus Canal  
  184  8:34  Zergling x6  
  184  8:39  Roach  
  172  8:44  Roach x2  
  172  8:47  Ravager  
  172  8:48  Roach  
  179  8:49  Nydus Canal  
  179  8:50  Roach  
  181  8:58  Roach x3  
  181  9:02  Extractor  
  186  9:05  Zergling x26  
  199  9:12  Nydus Canal  
  196  9:24  Roach  
  196  9:25  Roach x2  
  196  9:26  Roach x2  
  198  9:33  Nydus Canal  
  198  9:38  Roach x3  
  200  9:39  Roach  
  200  9:40  Roach  
  200  9:42  Roach x2  
  200  9:43  Roach  
  200  9:45  Roach x3  
  199  9:46  Overlord  
  199  9:47  Overlord x2  
  199  9:48  Overlord x2  
  199  9:51  Overlord  
  190  9:56  Ravager  
  190  9:57  Ravager x2  
  190  9:59  Roach  
  191  10:03  Overlord  
  191  10:06  Roach x6  
  198  10:10  Roach  
  198  10:11  Ravager  
  198  10:12  Roach  
  191  10:15  Roach x2  
  191  10:17  Roach x4  
  191  10:20  Roach  
  191  10:21  Roach  
  191  10:23  Roach  
  191  10:27  Roach x2  
  194  10:29  Roach  
  194  10:32  Roach  
  196  10:38  Roach x3  
  196  10:39  Roach  
  196  10:41  Roach  
  192  10:44  Roach  
  192  10:46  Roach  
  191  10:52  Ravager x2  
  191  10:53  Roach x2  
  191  10:55  Nydus Canal  
  191  10:56  Ravager x2  
Show
View Real Time Build Order
Export as new Build Order

llllllllllll Protoss 

Build Orders: 1 Gate Expand, Oracle Opening, Archon Immortal 

Get SALT Encoding   

  12  0:00  Probe  
  13  0:12  Probe  
  14  0:19  Pylon  
  14  0:24  Probe  
  15  0:33  Probe  
  15  0:39  Gateway  
  15  0:41  Probe  
  16  0:47  Assimilator  
  17  0:51  Probe  
  18  1:03  Probe  
  19  1:15  Probe  
  20  1:23  Nexus  
  20  1:34  Cybernetics Core  
  20  1:36  Probe  
  21  1:44  Assimilator  
  21  1:48  Probe  
  21  1:52  Pylon  
  22  2:00  Probe  
  23  2:11  Adept  
  23  2:13  Probe  
  26  2:19  Stargate  
  26  2:25  Probe  
  26  2:27  Warp Gate  
  27  2:33  Probe x2  
  28  2:41  Stalker, Probe  
  28  2:42  Probe  
  33  2:51  Probe  
  33  2:52  Probe  
  33  2:54  Oracle  
  35  3:03  Probe  
  35  3:04  Probe  
  40  3:08  Pylon  
  40  3:15  Probe  
  40  3:16  Probe  
  40  3:19  Assimilator  
  42  3:26  Robotics Facility  
  42  3:27  Probe x2  
  42  3:33  Gateway  
  44  3:35  Probe  
  44  3:39  Oracle, Probe  
  46  3:43  Probe  
  46  3:46  Pylon  
  47  3:51  Probe  
  47  3:54  Probe  
  52  4:04  Probe  
  52  4:09  Probe  
  54  4:11  Nexus  
  54  4:13  Pylon  
  54  4:15  Observer  
  55  4:17  Pylon  
  55  4:20  Assimilator  
  55  4:23  Probe x2  
  57  4:27  Immortal  
  57  4:28  Sentry x2  
  61  4:35  Probe x2  
  67  4:44  Gateway  
  67  4:48  Probe x2  
  67  4:50  Gateway  
  69  4:52  Sentry  
  69  4:54  Adept  
  73  5:04  Probe x2  
  75  5:16  Probe x2  
  75  5:17  Forge  
  75  5:19  Twilight Council  
  77  5:21  Observer  
  77  5:23  Pylon  
  77  5:25  Probe  
  77  5:28  Probe x2  
  80  5:33  Protoss Ground Weapons Level 1  
  80  5:40  Probe x3  
  83  5:44  Charge, Gateway  
  83  5:45  Phoenix x2  
  83  5:47  Gateway x2  
  83  5:50  Assimilator, Gateway  
  83  5:51  Assimilator  
  83  5:53  Probe x3  
  83  5:56  Templar Archives  
  85  6:09  Shield Battery, Probe x3  
  85  6:10  Immortal  
  88  6:11  Pylon  
  88  6:14  Pylon x2  
  88  6:21  Probe x3  
  88  6:24  Photon Cannon  
  95  6:29  Photon Cannon  
  95  6:36  Photon Cannon  
  95  6:38  High Templar x3  
  95  6:39  High Templar, Zealot  
  105  6:40  Warp Prism  
  105  6:47  Archon x2  
  107  6:54  Zealot x3  
  107  7:00  Pylon  
  113  7:02  Pylon  
  113  7:09  Pylon  
  113  7:10  Pylon  
  113  7:18  High Templar x3, Zealot x3  
  113  7:19  Zealot x2  
  127  7:49  Zealot x2  
  127  7:50  Stalker x3  
  137  7:56  Zealot x3  
  137  7:57  Immortal  
  141  8:11  Zealot x2  
  141  8:12  Pylon  
  137  8:13  Templar Archives  
  137  8:16  Protoss Ground Weapons Level 2  
  125  8:27  Zealot x6  
  128  8:37  Immortal  
  128  8:38  Psionic Storm  
  124  8:44  Zealot x2  
  124  8:47  Blink  
  128  8:48  Pylon  
  128  8:50  High Templar  
  128  8:51  Pylon, Zealot x5  
  128  8:55  Archon x2  
  140  9:03  Pylon  
  140  9:05  Pylon, Stalker x2  
  140  9:07  Pylon  
  144  9:13  Stalker x2  
  144  9:14  Stalker x3  
  154  9:21  Immortal  
  136  9:34  Stalker x2  
  136  9:35  Stalker  
  134  9:42  Zealot x2  
  134  9:43  Zealot x3  
  114  9:57  High Templar  
  114  9:58  High Templar  
  114  9:59  Warp Prism  
  118  10:00  High Templar  
  118  10:04  High Templar x2, Zealot x2  
  118  10:05  Zealot  
  123  10:07  Shield Battery  
  123  10:09  Shield Battery  
  123  10:11  Shield Battery  
  111  10:31  Stalker x4  
  111  10:32  Stalker  
  111  10:35  Stalker x3  
  109  10:36  Immortal  
  105  10:43  Stalker x2  
  105  10:50  Stalker  
  107  11:00  Stalker x5  
  112  11:09  Archon  
  112  11:10  Archon  
Tags
 
Add a new tag
Caveats
  • Supply blocks, unpowered buildings, or Contaminate may cause inaccurate times.
  • Supply counts are checked every 10 seconds.